[Event "GER-ch Youth-ODJM 2022"]
[Site "Willingen"]
[Date "2022.06.05"]
[Round "1.16"]
[White "Pick, Max"]
[Black "Hofmann, Lorenz"]
[Result "1/2-1/2"]
[ECO "B01"]
[WhiteElo "1841"]
[BlackElo "2056"]
[Annotator "TA"]
[PlyCount "95"]
[EventDate "2022.06.05"]
[EventType "swiss"]
[EventRounds "9"]
[EventCountry "GER"]
[SourceTitle "playchess.com"]
[Source "ChessBase"]
[SourceQuality "1"]
[TimeControl "40/4500+30:900+30"]

1. e4 d5 2. exd5 Nf6 3. d4 Nxd5 4. Nf3 Bg4 5. Be2 e6 6. O-O c6 {[%emt 0:00:00] B01: Scandinavian Defence.} 7. Ne5 Bxe2 8. Qxe2 Bd6 {[%emt 0:00:11] White is slightly better.} 9. Nd2 Nd7 {[%emt 0:06:36] [#]} 10. Ndc4 $146 ({Predecessor:} 10. Rd1 Nf4 11. Qg4 Ng6 12. Ne4 Nf6 13. Nxd6+ Qxd6 14. Qe2 Nd7 15. f4 f6 16. Nc4 Qd5 17. f5 Ngf8 18. Bf4 Kf7 19. Nd6+ Kg8 20. c4 {1-0 (20) Stodola,J (2160)-Obrazek,K Prague 1995}) 10... Nxe5 11. Nxd6+ ({Better is} 11. dxe5 $14 Be7 12. Qg4) 11... Qxd6 $11 12. dxe5 Qe7 (12... Qc7 $11) 13. c4 $16 Nc7 14. Qg4 O-O-O 15. Be3 h5 16. Qe4 {[%emt 0:07:24] White is more active.} Kb8 17. Qc2 f5 18. f4 {[%emt 0:06:22] Against g5} Na6 $1 19. Qf2 b6 20. a4 Nc5 $2 (20... Qb7) (20... c5 $11 {and Black is okay.}) 21. a5 $1 $18 Ne4 22. Qe2 Kb7 23. Ra3 Qb4 24. Rfa1 {[%emt 0:07:32] Threatens to win with axb6.} b5 25. cxb5 cxb5 (25... Qxb5 $16 {might work better.} 26. a6+ Ka8 27. Qxb5 cxb5) 26. a6+ Kb8 27. Rc1 {[%emt 0:02:35] Inhibits Qc4.} Rc8 28. Rd1 Rhd8 29. Rad3 (29. h3 $18) 29... Rxd3 $16 30. Rxd3 Qa4 (30... Qc4 $16) 31. h3 ({Only move:} 31. h4 $1 $18) 31... Ng3 $2 (31... Qxa6 $16 32. Ra3 Qc6) 32. Qf3 $18 Qe4 {[%emt 0:00:27] [#] Inhibits Qb7+.} (32... Ne4 33. Rd7 Qxa6 34. Rxa7 Qc6 35. Rxg7 Rc7 36. Qxh5 Kb7) 33. Bxa7+ $2 (33. Qxg3 $1 g6 (33... g5 34. fxg5) 34. Rd7) 33... Kxa7 34. Qxg3 {[%emt 0:00:08][%mdl 4096] Endgame KQR-KQR} (34. Rd7+ $18 Ka8 35. Qxg3) 34... Rc1+ (34... b4 $1 $14) 35. Kh2 $16 Qe1 $2 (35... b4 $16) 36. Rd7+ (36. Qxg7+ $142 Kxa6 37. Rd6+ Ka5 38. Qa7+ Kb4 39. Qa3+ Kc4 40. Qd3+ Kb4 41. Rd4+ Kc5 42. b4+ Kb6 43. Rd6+ Rc6 44. Qd4+ Kb7 45. Rd7+ Rc7 46. Rxc7+ Kxc7 47. Qd6+ Kb7 48. Qd7+ Kb8 49. Qd8+ Kb7 50. Qd7+ Ka8 51. Qxe6) 36... Kb6 $18 37. Rd6+ Kc5 38. Qa3+ $2 (38. Qxe1 $18 {is more deadly.} Rxe1 39. Rxe6) 38... b4 $16 {[%emt 0:00:08] [#]} 39. Qa5+ {[%emt 0:00:05] Chess con chili.} (39. Qf3 $1 $16 Qg1+ 40. Kg3 Qe1+ 41. Qf2+ (41. Kh2 Qg1+ 42. Kg3 Qe1+ 43. Qf2+ Qxf2+ 44. Kxf2 Rc2+ 45. Ke3 Rxb2 $16) 41... Qxf2+ 42. Kxf2 Rc2+ 43. Ke3 Rxb2 44. Rxe6) 39... Kc4 $11 {[%emt 0:00:06] White must now prevent ...Qg1+. The position is equal.} 40. Rc6+ Kb3 {[%emt 0:00:15] ( -> ...Qg1+)} 41. Rxc1 (41. Rxe6 h4 42. Qd5+ Kxb2 43. Qd4+ Ka3 44. Qd3+ b3) 41... Qxc1 {[%emt 0:00:00] KQ-KQ} 42. Qb6 Qxf4+ 43. Kg1 Qc1+ 44. Kf2 {[%emt 0:00:00] And now Qe3+ would win.} Qf4+ (44... Qxb2+ 45. Kf3 Kc4 46. Qc6+ (46. Qxe6+ Kb5 $16) 46... Kd4 47. Qd7+ (47. Qxe6 Qc3+ 48. Kf4 Qc1+ 49. Kxf5 Qc2+ 50. Kg5 b3 $16) (47. Qd6+ Kc4 $16) 47... Kc5 48. Qc7+ (48. Qxe6 Qc3+ 49. Kf4 Qd2+ 50. Kxf5 Qf2+ 51. Kg6 Qxg2+ 52. Kf7 Qf3+ 53. Kxg7 b3 $18) 48... Kd4 49. a7 (49. Qd6+ Kc4 $16) 49... Qb3+ 50. Kf2 Qe3+ 51. Kf1 $18) 45. Ke2 Qc4+ 46. Kf2 {[%emt 0:00:00] Hoping for a7.} Qf4+ 47. Ke2 Qc4+ 48. Kf2 {Black escapes into a draw.  Weighted Error Value: White=0.54/Black=0.30} 1/2-1/2

[Event "GER-ch Youth-ODJM 2022"]
[Site "Willingen"]
[Date "2022.06.05"]
[Round "1.17"]
[White "Irkilmez, Yakub"]
[Black "Fock, Amina"]
[Result "1/2-1/2"]
[ECO "B07"]
[WhiteElo "2169"]
[BlackElo "1790"]
[Annotator "TA"]
[PlyCount "111"]
[EventDate "2022.06.05"]
[EventType "swiss"]
[EventRounds "9"]
[EventCountry "GER"]
[SourceTitle "playchess.com"]
[Source "ChessBase"]
[SourceQuality "1"]
[TimeControl "40/4500+30:900+30"]

1. e4 d6 2. d4 Nf6 3. Nc3 Nbd7 4. f4 e5 5. Nf3 exd4 6. Nxd4 Be7 7. Be2 O-O 8. O-O Re8 9. Bf3 Bf8 10. Nb3 {[%emt 0:06:25] C41: Philidor Defence.} a5 11. a4 c6 {[%emt 0:00:50] [#]} 12. Be3 $146 {[%emt 0:04:15] [#]} (12. Qd4 $11) ({Predecessor:} 12. Kh1 Qc7 13. Re1 Nb6 14. Nd4 Nfd7 15. b3 Nc5 16. Be3 Bd7 17. Qd2 Rad8 18. Bf2 {1-0 (31) Siuniakov,I (2282)-Anisimov,V (2216) Kemerovo 2008}) 12... d5 (12... Nxe4 $1 $15 13. Bxe4 (13. Nxe4 d5 $11) 13... d5) 13. e5 $11 {[%emt 0:01:28] Hoping for Bd4.} Nb6 14. Bf2 Nfd7 15. Nd4 Nc5 16. b3 Ne6 17. Nce2 c5 18. Nb5 Bd7 19. Nd6 Bxd6 20. exd6 Qf6 21. Bxd5 Nxd5 22. Qxd5 Bc6 23. Qd3 ({Better is} 23. Qc4 $14) 23... Nxf4 24. Nxf4 Qxf4 25. Bg3 ({Reject} 25. d7 Red8 $15) 25... Qe4 26. Qxe4 {[%emt 0:01:20] Active counter play!} Rxe4 27. Rae1 Rxe1 28. Rxe1 {[%emt 0:00:07][%mdl 4096] Endgame KRB-KRB} Rd8 29. Re7 f6 30. Kf2 Kf8 31. Rc7 Re8 (31... Rd7 $11) 32. Bf4 $14 Rd8 33. Be3 Rd7 34. Bxc5 Ke8 35. c4 Rxc7 (35... Be4 $14) 36. dxc7 {[%emt 0:00:06] KB-KB} Kd7 37. Bb6 Be4 38. Bxa5 Bc2 {[%emt 0:00:11] [#]} 39. b4 Bxa4 40. b5 Bb3 (40... b6 $16 {was called for.} 41. Bxb6 Bb3) 41. c5 $18 Bc4 42. c6+ (42. b6 $16) 42... bxc6 $11 43. b6 {[%emt 0:00:00] Intending b7 and mate.} Ba6 44. Bb4 Ke6 $1 45. Ke3 Bb7 (45... Ke5 $11 {remains equal.}) 46. Kd4 $16 {[%emt 0:00:00] White is better.} f5 47. Bd2 Kd6 48. Bf4+ Ke6 49. Kc5 Kd7 50. Be5 g5 51. Bf6 g4 52. Bg5 Ba8 53. g3 Bb7 54. Bh6 Bc8 55. Kd4 Kd6 56. Bf8+ {[%emt 0:00:00] Weighted Error Value: White=0.15 (very precise) /Black=0.16 (very precise)} 1/2-1/2

[Event "GER-ch Youth-ODJM 2022"]
[Site "Willingen"]
[Date "2022.06.05"]
[Round "1.18"]
[White "Zha, Kevin"]
[Black "Dornieden, Jonas"]
[Result "0-1"]
[ECO "B06"]
[WhiteElo "1835"]
[BlackElo "2072"]
[Annotator "TA"]
[PlyCount "88"]
[EventDate "2022.06.05"]
[EventType "swiss"]
[EventRounds "9"]
[EventCountry "GER"]
[SourceTitle "playchess.com"]
[Source "ChessBase"]
[SourceQuality "1"]
[TimeControl "40/4500+30:900+30"]

1. e4 g6 2. d4 Bg7 3. Nc3 c6 4. Be3 d5 5. Qd2 Nf6 6. e5 Ng4 7. Bf4 f6 $1 {[%emt 0:18:51] B15: Caro-Kann: 3 Nc3: 3...g6 and 3...dxe4 4 Nxe4 Nf6 5 Nxf6+ exf6.} 8. exf6 Nxf6 9. Nf3 Nbd7 {[%emt 0:01:58] White is slightly better.} 10. O-O-O {[%emt 0:02:55] [#]} Nf8 $146 ({Predecessor:} 10... Nh5 11. Bg5 O-O 12. Re1 Bf6 13. h4 Rf7 14. g4 Ng7 15. h5 Nf8 16. hxg6 Nxg6 17. Bxf6 exf6 {1-0 (27) Sadilek,M (2170)-Ranits,F (2242) Austria 2007}) 11. Ne5 Bf5 12. f3 N6d7 13. Qe3 g5 (13... Ne6 $14 {should be considered.}) 14. Bxg5 {[%emt 0:03:45] g4 is the strong threat.} Nxe5 15. dxe5 h6 {[%emt 0:13:06] [#]} (15... Qb6 $16) 16. Bf4 (16. Bf6 $1 $18 Bxf6 17. exf6) 16... Ne6 17. Ne2 {[%emt 0:01:34] Against d4} (17. g4 $142 Bg6 18. Bg3) 17... Qa5 18. Kb1 $1 Qa4 19. Rd2 O-O-O {[%emt 0:02:55] [#]} 20. Bg3 (20. b3 $1 $16 Qb4 21. Nd4) 20... d4 $1 $36 {[%emt 0:00:10][%mdl 2048] Black is pushing.} 21. Qa3 Qxa3 22. bxa3 Rd5 (22... d3 $15 23. cxd3 Rxd3 24. Rxd3 Bxd3+ 25. Kc1 h5) 23. f4 (23. Nc1 $11) 23... h5 24. Bf2 d3 {[%emt 0:00:24] 0x0.001b6d3881a6dp-1022s more active pieces.} 25. cxd3 Bxd3+ 26. Kc1 (26. Rxd3 $15 Rxd3 27. g3) 26... Bxe2 $17 27. Bxe2 {[%emt 0:01:37] Strongly threatening Rxd5.} Nxf4 28. Bc4 Rxd2 29. Kxd2 Rd8+ ({Much worse is} 29... Nxg2 30. Rg1 Bh6+ 31. Kd3 Nf4+ 32. Ke4 $11) 30. Kc2 $1 Bxe5 31. Bxa7 ({Better is} 31. g3 $15 Nd5 32. Bxa7) 31... Kc7 (31... Nxg2 $17 {White must now prevent ...Bd4.} 32. Bb6 Bc7) 32. g3 Nd5 {[%emt 0:00:45] aiming for ...b6.} 33. Bc5 {[%emt 0:00:25] [#]} Bd6 $1 34. Bxd5 (34. Bxd6+ $15 Kxd6 35. Kb3) 34... cxd5 $15 {[%emt 0:00:23][%mdl 4096] Endgame KRB-KRB} ({Stronger than} 34... Bxc5 35. Bf7 $15) 35. Bd4 {[%emt 0:00:52] Now White is beyond hope.} (35. Bxd6+ $17 Kxd6 36. Rb1) 35... e5 $19 ({Worse is} 35... Bxa3 36. Rf1 $17) 36. Bb2 Rf8 {[%emt 0:00:20] Against Rf1} 37. Rd1 Kc6 38. Rd2 (38. h3 $142) 38... Rf3 39. Rg2 e4 40. a4 Bc5 {[%emt 0:00:10] And now ...d4 would win.} 41. h3 $2 (41. g4 hxg4 42. Rxg4) 41... Be3 42. Kd1 (42. g4 $142 d4 43. gxh5) 42... d4 {[%emt 0:00:00][%cal Bd5d4,Bd4d3][%mdl 32] Threatens to win with ...d3.} 43. g4 d3 44. Ke1 {[%emt 0:00:00] Against Rf1+} Rxh3 {[%emt 0:00:00] Weighted Error Value: White=0.92/Black=0.26 (precise)} 0-1

[Event "GER-ch Youth-ODJM 2022"]
[Site "Willingen"]
[Date "2022.06.05"]
[Round "1.19"]
[White "Bartelt, Max Peter"]
[Black "Scherer, Josua"]
[Result "0-1"]
[ECO "C06"]
[WhiteElo "1959"]
[BlackElo "1775"]
[Annotator "TA"]
[PlyCount "134"]
[EventDate "2022.06.05"]
[EventType "swiss"]
[EventRounds "9"]
[EventCountry "GER"]
[SourceTitle "playchess.com"]
[Source "ChessBase"]
[SourceQuality "1"]
[TimeControl "40/4500+30:900+30"]

1. e4 e6 2. d4 d5 3. Nd2 Nf6 4. e5 Nfd7 5. Bd3 c5 6. c3 Nc6 7. Ne2 cxd4 8. cxd4 Qb6 9. Nf3 f6 10. exf6 Nxf6 11. O-O Bd6 12. Nc3 O-O (12... Nxd4 $2 13. Nxd4 a6 14. Be3 $18) 13. h3 {[%emt 0:01:23] C06: French Tarrasch: 3...Nf6 4 e5 Nfd7 5 Bd3 main lines.} Bd7 14. Re1 Rae8 15. Be3 {[%emt 0:06:25] [#] White is slightly better.} Ne7 $146 (15... Qxb2 $2 16. Na4 Qa3 17. Bc1 $18) ({Predecessor:} 15... Qd8 16. Rc1 Re7 17. a3 Be8 18. b4 Bh5 19. Be2 a5 20. b5 Nb8 21. Qb3 Nbd7 {1-0 (40) Vovk,A (2636)-Jarvenpaa,J (2244) Fagernes 2017}) 16. Ne5 Bc6 17. Nxc6 bxc6 18. Na4 Qc7 19. Rc1 Nf5 $1 20. Nc5 {[%emt 0:11:26][%cal Oc5e6] Hoping for Nxe6!} Nxe3 21. Rxe3 (21. fxe3 e5 $17) 21... e5 22. dxe5 Bxe5 23. Re2 Qd6 (23... Nh5 {seems wilder.} 24. Rec2 Qf7 25. Nd7 Qxd7 26. Qxh5 g6) 24. Rec2 Bh2+ 25. Kh1 Bf4 26. Rb1 Re7 27. Be2 Rfe8 {[%emt 0:10:40][%cal Oe7e2] And now ...Rxe2! would win.} 28. Bf3 Be5 29. Nd3 Bd4 30. b4 Nd7 (30... Ne4 $11) 31. Re2 (31. Rbc1 $14) 31... Rxe2 $11 32. Bxe2 Ne5 33. Qc2 Qg6 34. Rc1 Nc4 35. Qd1 {[%emt 0:02:49] Bh5 is the strong threat.} Qg5 36. Bf3 Qh4 (36... Kh8 $11) 37. Rc2 (37. Qa4 $16 {Strongly threatening Bxd5+.} Rc8 38. Qa6) 37... Bb6 38. b5 cxb5 39. Bxd5+ Kh8 40. Qf3 Qd4 ({But not} 40... Rd8 41. Bxc4 bxc4 42. Ne5 $16) 41. Qf7 Nd6 {[%emt 0:00:00] [#]} 42. Re2 $1 Rd8 43. Qf3 {[%emt 0:01:16] Black must now prevent Ne5.} Qf6 44. Qh5 g6 45. Qg4 Qf5 46. Ne5 Qxg4 (46... Bxf2 $5 47. Nf7+ (47. Qxf5 Nxf5 48. Rxf2 Rxd5 $17) 47... Nxf7 48. Qxf5 gxf5 49. Bxf7 Bh4 $15) 47. hxg4 Kg7 48. Nd3 Re8 49. Rc2 Ne4 50. g3 Nf6 51. Bf3 Rd8 52. Ne5 Rd4 53. Nc6 Ra4 54. Be2 (54. g5 $11 Ng4 55. Bxg4 Rxg4 56. Nxa7) 54... Nxg4 (54... Ne4 $15 55. Bxb5 Ra3) 55. Bxb5 (55. Bxg4 $11 {keeps the balance.} Rxg4 56. Nxa7) 55... Ra3 $17 56. Kg2 $2 {[%emt 0:01:04] [#] Now White is beyond hope.} (56. Be2 $17 Nxf2+ 57. Kg2) 56... Bxf2 $1 $19 57. Rxf2 (57. Rd2 $142) 57... Nxf2 58. Kxf2 Rxa2+ 59. Ke3 Kf6 (59... a5 $142 60. Bc4 Ra3+ 61. Bd3 a4) 60. Bd3 $2 (60. Nb4 Rg2 61. Kf4) 60... a5 61. Kd4 $2 (61. Bc4 Ra3+ 62. Bd3) 61... h5 62. Be4 (62. Ne5 $142 g5 63. Nd7+ Kg7 64. Nc5) 62... Kg5 63. Ne5 Ra4+ 64. Ke3 Ra3+ 65. Kf2 Ra2+ 66. Ke3 Rb2 {[%emt 0:00:05] Threatens to win with ...a4.} 67. Bxg6 $2 (67. Bc6 Ra2 68. Bd5 Ra3+ 69. Kf2) 67... Rb5 {[%emt 0:00:34] Weighted Error Value: White=0.27 (precise) /Black=0.14 (very precise)} 0-1

[Event "GER-ch Youth-ODJM 2022"]
[Site "Willingen"]
[Date "2022.06.05"]
[Round "1.21"]
[White "Meiwes, Thore"]
[Black "Schulz, Jannis"]
[Result "0-1"]
[ECO "D02"]
[WhiteElo "2080"]
[BlackElo "1810"]
[Annotator "TA"]
[PlyCount "156"]
[EventDate "2022.06.05"]
[EventType "swiss"]
[EventRounds "9"]
[EventCountry "GER"]
[SourceTitle "playchess.com"]
[Source "ChessBase"]
[SourceQuality "1"]
[TimeControl "40/4500+30:900+30"]

1. d4 Nf6 2. Nf3 d5 3. Bf4 c5 4. e3 Nc6 5. c3 Qb6 6. Qc1 {[%emt 0:00:00] D02: 1 d4 d5 2 Nf3 sidelines, including 2...Nf6 3 g3 and 2...Nf6 3 Bf4.} Nh5 7. Bg5 (7. dxc5 Qxc5 8. Bc7) (7. dxc5 $11 Qxc5 8. Bc7) 7... h6 8. Bh4 {[%emt 0:00:00] Black is slightly better.} g5 9. Bg3 Nxg3 10. hxg3 Bg7 11. Bd3 Bd7 12. Nbd2 Rc8 13. dxc5 Qxc5 14. Nb3 {[%emt 0:00:23] [#]} Qb6 $146 ({Predecessor:} 14... Qd6 15. Nfd4 Ne5 16. Qc2 e6 17. Be2 Nc4 18. Bxc4 Rxc4 19. Qd3 a6 20. O-O Rc7 {½-½ (73) Pejic,I (2008)-Loncar,R (2409) Rijeka 2012}) 15. Qd2 e5 {[%emt 0:05:51] aiming for ...e4.} 16. e4 d4 (16... dxe4 {feels hotter.} 17. Bxe4 Ne7 18. O-O-O Be6) 17. cxd4 exd4 18. O-O Be6 19. Nc1 (19. Rac1 $11) 19... O-O $15 20. Ne2 Nb4 21. b3 Rfd8 22. Rfc1 {[%emt 0:04:24] [#]} (22. Rac1 $15) 22... Rc3 $1 $17 23. Ne1 {[%emt 0:02:02] [#]} (23. Nxc3 dxc3 24. Rxc3 Nxd3 25. Rxd3 Rxd3 26. Qxd3 Bxa1) (23. Nxc3 $2 dxc3 24. Rxc3 Nxd3 25. Rxd3 Rxd3 26. Qxd3 Bxa1 $19) 23... Nxd3 (23... f5 24. e5 Rxc1 25. Rxc1 Bxe5) (23... f5 $1 $17 24. e5 Rxc1 25. Nxc1 Bxe5) 24. Nxd3 $15 {[%emt 0:01:05] [#]} Qb5 $1 25. Ne1 (25. Nxc3 dxc3 26. Rxc3 Bxc3 27. Qxc3 Rxd3) (25. Rd1) (25. Nxc3 $2 {perishes.} dxc3 26. Rxc3 Bxc3 27. Qxc3 Rxd3 $19) (25. Rd1 Rcc8) 25... Rxc1 {[%emt 0:03:20] Black is much more active. The white rooks are badly placed.} 26. Rxc1 f5 27. exf5 Bxf5 28. Nf3 (28. Rd1 $17) 28... d3 (28... Qd7 $19 {...d3 is the strong threat.} 29. Rd1 d3) 29. Nc3 $17 Qd7 30. Nd1 Rc8 ({Better is} 30... g4 $17 31. Nh4 Bh7) 31. Ne3 Be4 {[%emt 0:01:29] This bishop pair is nice.} 32. Rxc8+ Qxc8 33. Qb4 {[%emt 0:01:36] Inhibits Qc5.} Qe6 34. Nd2 Bc6 35. Qc5 b6 36. Qf5 (36. Qb4 $11) 36... Qxf5 37. Nxf5 {[%emt 0:00:07][%mdl 4096] Endgame KBB-KNN} Bf8 {[%emt 0:00:06] Against Ne7+} 38. Nd4 Bd5 39. Nf5 ({White must play} 39. Kf1 $15) 39... Bb4 $19 40. Nf1 Be4 41. N5e3 d2 42. a3 d1=Q ({Stronger than} 42... Bxa3 43. Nxd2 Bd3 44. Nf3 $17) 43. Nxd1 Bxa3 44. Nd2 Bd5 45. Nc3 Be6 {[%emt 0:00:00] And now ...Bb4 would win.} 46. Kf1 (46. Nb5 $17 Bb4 47. Ne4) 46... Bb4 47. Nce4 Kf7 48. Ke2 Bd5 49. f3 Ke6 50. Ke3 a5 51. Kd4 {[%emt 0:03:30] [#]} b5 $1 52. Nc3 {[%emt 0:06:18] Inhibits a4.} (52. Nc5+ Kd6 53. Nde4+ Kc6 54. Nd3 Bxb3 55. Nxb4+ axb4 56. Nf2) 52... Bxc3+ 53. Kxc3 {[%emt 0:00:04] KB-KN} Ke5 54. Kd3 (54. b4 a4 55. Nf1) 54... Be6 (54... Bf7 $142 55. Kc3 Be6) 55. Ke3 Bf5 56. g4 $2 (56. f4+ Kd5 57. Nf3) (56. f4+ Kd5 57. Nf3) 56... Bg6 57. g3 Kd5 58. f4 Kc5 $2 (58... Bc2 $19 {has better winning chances.} 59. f5 Bd1) 59. f5 Bf7 {[%emt 0:00:20] Threatens to win with ...a4.} 60. Kd3 Kb4 61. Kc2 Bg8 62. Kb2 Bd5 {[%emt 0:00:11] Prevents Ne4.} 63. Kc2 a4 64. bxa4 bxa4 {[%emt 0:00:02] Strongly threatening ...a3.} 65. Nb1 Bb3+ 66. Kd3 Kc5 {[%emt 0:00:27] White must now prevent ...Bd1.} 67. Na3 $2 {[%emt 0:00:55][%mdl 8192] [#]} (67. Nd2 Bg8 68. Kc3) (67. Nd2 $17 Bf7 68. Ne4+ Kc6 69. Kd4) 67... Bd1 $1 68. f6 Kd6 (68... Bb3 69. Ke4) ({Not} 68... Bb3 69. Ke4 $15) 69. Nc4+ Ke6 70. Ne3 Bf3 71. Nf5 Kxf6 (71... a3 $142 72. Kc3 Kxf6) 72. Nxh6 a3 {[%emt 0:01:36] Black mates.} 73. Kc3 Be4 74. Ng8+ Kf7 75. Nh6+ Kg7 76. Nf5+ Bxf5 77. gxf5 g4 (77... Kf6 78. g4 Ke7 79. Kb3 Kf7 80. Kxa3 Kf8 81. Kb4 Kg7 82. Kc4) 78. Kb3 Kf6 {[%emt 0:00:07] Weighted Error Value: White=0.39/Black=0.28 (precise)} 0-1

[Event "GER-ch Youth-ODJM 2022"]
[Site "Willingen"]
[Date "2022.06.05"]
[Round "1.22"]
[White "Matthes, Benjamin"]
[Black "Brunner, Tobias"]
[Result "0-1"]
[ECO "B23"]
[WhiteElo "1851"]
[BlackElo "2007"]
[Annotator "TA"]
[PlyCount "75"]
[EventDate "2022.06.05"]
[EventType "swiss"]
[EventRounds "9"]
[EventCountry "GER"]
[SourceTitle "playchess.com"]
[Source "ChessBase"]
[SourceQuality "1"]
[TimeControl "40/4500+30:900+30"]

1. e4 c5 2. Nc3 Nc6 3. f4 e6 4. Nf3 d5 5. d3 Be7 6. g3 {[%emt 0:00:00] B23: Closed Sicilian: Lines without g3.} dxe4 7. dxe4 Qxd1+ 8. Nxd1 {[%emt 0:01:14] The position is equal.} Nf6 {[%emt 0:07:20] [#]} 9. Nf2 $146 ({Predecessor:} 9. e5 Nd5 10. c3 b6 11. Ne3 Bb7 12. Bg2 O-O-O 13. O-O Na5 14. Nxd5 Bxd5 15. b3 {0-1 (42) Primbetov,K (2275)-Quparadze,G (2499) Batumi 2019}) 9... Nb4 10. Kd1 O-O 11. c3 Rd8+ 12. Bd2 Nc6 13. Kc2 a6 14. g4 b5 15. g5 Ne8 16. h4 Bb7 17. Bh3 (17. h5 $142) 17... Nd6 {[%emt 0:00:59][%cal Od6e4] Strongly threatening ...Nxe4!} 18. Rae1 a5 (18... b4) (18... Nc4 19. Bc1 $11) (18... b4 $1 $15) 19. h5 $11 g6 ({Black should try} 19... a4 $11) 20. Bg4 b4 21. Rh3 {[%emt 0:01:19] hxg6 is the strong threat.} (21. hxg6 hxg6 22. Nd3) 21... Bf8 (21... Nc4 $2 22. hxg6 h5 23. gxf7+ Kg7 24. Bxe6 Nxd2 25. Nxd2 $18) (21... gxh5 $11 {should be considered.} 22. Rxh5 Bf8) 22. hxg6 $16 hxg6 23. e5 (23. Nd3 $5 ) 23... Nc4 (23... bxc3 $1 $11 {keeps the balance.} 24. bxc3 Nc4) 24. Ne4 {[%emt 0:01:51] Nf6+ would kill now.} Bg7 25. Nxc5 (25. Bc1 $5 ) 25... Bc8 (25... N6xe5 $142 26. Nxb7 Nxf3 27. Nxd8 Nxe1+ 28. Bxe1 Rxd8) 26. Bc1 bxc3 27. bxc3 {[%emt 0:00:16] Black must now prevent Nh2.} Nb6 $2 {[%emt 0:00:17][%mdl 8192] [#]} (27... Rb8) (27... Rb8 $16) 28. Nd2 $1 $18 Nd5 29. Nde4 Rb8 30. Nf6+ $2 (30. Reh1 $18) 30... Kf8 $2 (30... Bxf6 $11 {and Black stays safe.} 31. exf6 (31. gxf6 Ndb4+ 32. cxb4 Nxb4+ 33. Kc3 Nxa2+ 34. Kc2 Nb4+ 35. Kc3 Na2+ 36. Kc2 Nb4+ 37. Kc3 Na2+ $11) 31... Ndb4+ 32. cxb4 Nxb4+ 33. Kc3 Nxa2+ 34. Kc2 Nb4+ 35. Kc3 Na2+ 36. Kc2 Nb4+ 37. Kc3 Na2+) 31. Ba3 ({Not} 31. Rh7 Ndb4+ 32. cxb4 Nxb4+ 33. Kb3 (33. Kc3 Nxa2+ 34. Kc2 Nb4+ 35. Kc3 Na2+ 36. Kc2 Nb4+ 37. Kc3 Na2+ $11) 33... Nd3+ 34. Kc3 (34. Ka3 $2 Nxe1 35. Rh2 Bxf6 $19) 34... Nxc5 $18) 31... Bxf6 (31... Ncb4+ $18 32. cxb4 axb4) 32. Nd7+ (32. exf6 $142 Ncb4+ 33. Bxb4 Nxb4+ 34. cxb4 Rd2+ 35. Kxd2 Kg8 36. Reh1 axb4 37. Rh8#) 32... Ke8 {[%emt 0:00:26] White is clearly winning.} 33. Nxb8 Nxb8 34. gxf6 Ba6 35. Rh8+ Kd7 36. Rxd8+ Kxd8 37. Re4 {[%emt 0:01:09][%cal Og4e6] Threatens to win with Bxe6!} Nc6 {[%emt 0:00:40] [#]} 38. Bxe6 $1 {[%emt 0:00:44][%mdl 32768] Weighted Error Value: White=0.44/Black=0.81. Loss on time!?} 0-1

[Event "GER-ch Youth-ODJM 2022"]
[Site "Willingen"]
[Date "2022.06.05"]
[Round "2.1"]
[White "Kieselbach, Marvin"]
[Black "John, Niklas"]
[Result "1/2-1/2"]
[ECO "A48"]
[WhiteElo "1662"]
[BlackElo "1563"]
[Annotator "NA RC COMBH"]
[PlyCount "77"]
[EventDate "2022.06.05"]
[EventType "swiss"]
[EventRounds "9"]
[EventCountry "GER"]
[SourceTitle "playchess.com"]
[Source "ChessBase"]
[SourceQuality "1"]
[TimeControl "40/4500+30:900+30"]

1. d4 Nf6 2. Nf3 g6 3. Nc3 d5 4. Bf4 Bg7 5. e3 c6 6. Be2 O-O 7. Ne5 Nbd7 8. g4 Nxe5 9. Bxe5 Re8 10. h4 b5 11. h5 Qa5 12. hxg6 fxg6 13. Kf1 b4 14. Nb1 Ba6 15. Nd2 Nxg4 16. Bxg7 Kxg7 17. Nb3 Bxe2+ 18. Qxe2 Qb5 19. Nc5 Qxe2+ 20. Kxe2 e5 21. f3 Nh6 22. dxe5 Rxe5 23. f4 Re7 24. Rh3 Rae8 25. Rah1 Nf5 26. Rxh7+ Kf6 27. Nd7+ Rxd7 28. Rxd7 Ng3+ 29. Kf3 Nxh1 30. Rh7 Ng3 31. Kxg3 Rxe3+ 32. Kf2 Re7 33. Rh8 c5 34. Rd8 Ke6 35. Rg8 Kf5 36. Kf3 Kf6 37. Rd8 Ke6 38. Rg8 Kf6 39. Rd8 1/2-1/2

[Event "GER-ch Youth-ODJM 2022"]
[Site "Willingen"]
[Date "2022.06.05"]
[Round "2.2"]
[White "Zinnikus, Elias"]
[Black "Fahlbusch, Niclas"]
[Result "0-1"]
[ECO "A06"]
[WhiteElo "1282"]
[BlackElo "1280"]
[Annotator "NA RC COMBH"]
[PlyCount "92"]
[EventDate "2022.06.05"]
[EventType "swiss"]
[EventRounds "9"]
[EventCountry "GER"]
[SourceTitle "playchess.com"]
[Source "ChessBase"]
[SourceQuality "1"]
[TimeControl "40/4500+30:900+30"]

1. Nf3 d5 2. d4 Bf5 3. c4 e6 4. Nc3 c6 5. e3 Nf6 6. Be2 Bd6 7. O-O Nbd7 8. Re1 O-O 9. Qb3 b6 10. Bd2 c5 11. cxd5 cxd4 12. Nxd4 Nc5 13. Qc4 exd5 14. Nxd5 Nxd5 15. Nxf5 Be5 16. Qxd5 Qxd5 17. Ne7+ Kh8 18. Nxd5 Rad8 19. Bf3 Nd3 20. Re2 Nxb2 21. Bb4 Nc4 22. Bxf8 Bxa1 23. Re1 Nd2 24. Rxa1 Nxf3+ 25. gxf3 Rxf8 26. Rc1 Ra8 27. Rc7 Kg8 28. Kg2 b5 29. Ne7+ Kf8 30. Rc8+ Rxc8 31. Nxc8 a5 32. Nb6 Ke7 33. Kg3 Kd6 34. Kf4 Kc5 35. Nd7+ Kb4 36. Ke4 Ka3 37. Kd3 Kxa2 38. Nc5 Kb2 39. e4 a4 40. Kd2 a3 41. Nd3+ Kb1 42. Nb4 a2 43. Nc2 b4 44. Kd3 b3 45. Na3+ Kc1 46. e5 a1=Q 0-1